 Dungeon Crawl Stone Soup version 0.30-a0-728-gc68057be0a (webtiles) character file.

Game seed: 4400446257589431646

92 DeathSun the Chopper (level 4, 0/35 HPs)
             Began as a Hill Orc Fighter on Jan 30, 2023.
             Was a Follower of Hepliaklqana.
             Succumbed to Ijyb's poison
             ... on level 3 of the Dungeon.
             The game lasted 00:03:56 (1938 turns).

DeathSun the Chopper (Hill Orc Fighter)             Turns: 1938, Time: 00:03:57

Health: 0/35       AC:  9    Str: 20    XL:     4   Next: 60%
Magic:  4/4        EV: 14    Int:  8    God:    Hepliaklqana [*.....]
Gold:   160        SH:  0    Dex: 10    Spells: 3/3 levels left

rFire   + . .      SeeInvis .    a - +0 war axe
rCold   . . .      Faith    .    c - +0 buckler
rNeg    . . .      Spirit   .    b - +0 scale mail
rPois   .          Reflect  .    (no helmet)
rElec   .          Harm     .    A - scarf {+Inv}
rCorr   .          Rampage  .    (no gloves)
Will    .....                    g - +1 pair of boots Stlth
                                 (no amulet)
HPRegen 0.25/turn                y - +5 ring of evasion
MPRegen 0.09/turn                t - ring of protection from fire

@: confused, lethally poisoned (0 -> -4)
A: reduced essence
a: Renounce Religion, Evoke Invisibility, Recall Ancestor, Ancestor Identity


You were on level 3 of the Dungeon.
You worshipped Hepliaklqana.
Hepliaklqana was aware of your devotion.
You visited 1 branch of the dungeon, and saw 3 of its levels.

You collected 160 gold pieces.

Inventory:

Hand Weapons
 a - a +0 war axe (weapon)
Missiles
 i - 2 poisoned darts
 n - 5 atropa-tipped darts (quivered)
 p - 6 silver boomerangs
Armour
 b - a +0 scale mail (worn)
 c - a +0 buckler (worn)
 g - a +1 pair of boots (worn)
 A - a scarf of invisibility (worn)
Jewellery
 t - a ring of protection from fire (right hand)
 y - a +5 ring of evasion (left hand)
Wands
 z - a wand of charming (10)
Scrolls
 e - 2 scrolls of identify {unknown}
 h - a scroll of enchant armour {unknown}
 m - 2 scrolls of fog {unknown}
 o - a scroll of immolation {unknown}
 r - a scroll of blinking {unknown}
 s - 2 scrolls of teleportation {unknown}
 u - a scroll of fear {unknown}
 x - a scroll of magic mapping {unknown}
 B - a scroll of vulnerability {unknown}
Potions
 d - a potion of might
 f - a potion of degeneration {unknown}
 j - a potion of brilliance {unknown}
 k - a potion of curing {unknown}
 l - a potion of lignification {unknown}
 q - 2 potions of haste {unknown}
 v - a potion of magic {unknown}
 w - 2 potions of heal wounds {unknown}


   Skills:
 - Level 3.6 Fighting
 * Level 6.2 Axes
 - Level 3.2 Armour
 - Level 3.2 Shields


You had 3 spell levels left.
You didn't know any spells.
Your spell library contained the following spells:

 Spells                   Type           Power      Damage    Failure   Level
 Sandblast                Erth           0%         2d4       85%         1
 Shock                    Conj/Air       0%         1d3       85%         1
 Passwall                 Tmut/Erth      0%         N/A       94%         2
 Ozocubu's Armour         Ice            0%         N/A       99%         3
 Stone Arrow              Conj/Erth      0%         3d7       99%         3
 Swiftness                Air            0%         N/A       99%         3
 Airstrike                Air            0%         2d(0-16)  100%        4
 Metabolic Englaciation   Hex/Ice        0%         N/A       100%        5
 Simulacrum               Ice/Necr       0%         N/A       100%        6


Dungeon Overview and Level Annotations

Branches:
Dungeon (3/15)

Altars:
Hepliaklqana
Xom

Shops:
D:1 :

Annotations:
D:3 Ijyb


Message History

You are too injured to fight recklessly!
You are too injured to fight recklessly!
You closely miss Ijyb.
Ijyb is heavily wounded.
You feel very sick.
Sofian closely misses Ijyb.
Ijyb zaps a wand.
Your will is overpowered!
You are confused.
You closely miss Ijyb.
Ijyb is heavily wounded.
You feel sick.
Sofian hits Ijyb but does no damage.
Ijyb barely misses Sofian.
Sofian barely misses Ijyb.
You feel sick.
Ijyb misses Sofian.
Sofian barely misses Ijyb.
You're too confused to move!
You feel sick.
Ijyb hits Sofian with a +2 dagger of venom.
Sofian barely misses Ijyb.
You barely miss Ijyb.
Ijyb is heavily wounded.
You feel sick.
Ijyb zaps a wand.
You resist with some effort.
Sofian barely misses Ijyb.
Ijyb closely misses you.
You feel sick.
Sofian closely misses Ijyb.
Ijyb hits you but does no damage.
You are lethally poisoned!
You're too confused to move!
You feel less confused.
* * * LOW HITPOINT WARNING * * *
You feel sick.
Sofian barely misses Ijyb.
Ijyb zaps a wand.
Your will is overpowered!
You are confused.
You hit Ijyb but do no damage.
Ijyb is heavily wounded.
* * * LOW HITPOINT WARNING * * *
You feel very sick.
Sofian hits Ijyb.
Ijyb closely misses Sofian.
You slash Sofian!
Sofian is severely damaged.
You barely miss Ijyb.
* * * LOW HITPOINT WARNING * * *
You feel sick.
Sofian hits Ijyb.
Ijyb hits Sofian with a +2 dagger of venom.
Sofian is destroyed!
Ijyb shouts!
You die...

#.....# ### ####.....#
#... ........######.
#....#######.............
#....#.....#...........#
#....#._.<.#...........#
.....#.....#........#
#....#######.....g.# #
###.............@..###.#
#....................#
#.................####
#.................#
........##........######
.........#...###........#
#......R#...# #........+
#......)'...# #........#
.........#.).# #........#


You could see Ijyb.

Vanquished Creatures
  Jessica (D:2)
  3 dart slugs (D:1)
  7 bats
  6 endoplasms
  A giant cockroach (D:1)
  2 goblins (D:1)
  5 hobgoblins
  11 jackals
  3 quokkas
  2 ball pythons (D:1)
  5 frilled lizards
  3 kobolds
  2 rats (D:1)
51 creatures vanquished.

Vanquished Creatures (collateral kills)
  A dart slug (D:3)
  A giant cockroach (D:3)
2 creatures vanquished.

Vanquished Creatures (others)
  An ancestor (D:3)
  11 fungi (D:1)
12 creatures vanquished.

Grand Total: 65 creatures vanquished

Notes
Turn   | Place    | Note
-------+----------+-------------------------------------------
     0 | D:1      | DeathSun the Hill Orc Fighter began the quest for the Orb.
     0 | D:1      | Reached XP level 1. HP: 19/19 MP: 1/1
    10 | D:1      | Reached skill level 3 in Axes
    94 | D:1      | Reached XP level 2. HP: 26/26 MP: 2/2
   122 | D:1      | Reached skill level 4 in Axes
   153 | D:1      | Reached XP level 3. HP: 29/31 MP: 3/3
   239 | D:1      | Reached skill level 5 in Axes
   345 | D:1      | Found Foaps's Vocational Training.
   833 | D:2      | Found a shimmering altar of Xom.
  1284 | D:2      | Noticed Jessica
  1289 | D:2      | Killed Jessica
  1290 | D:2      | Reached skill level 6 in Axes
  1290 | D:2      | Reached XP level 4. HP: 13/39 MP: 4/4
  1680 | D:3      | Found a faded altar of an unknown god.
  1683 | D:3      | Prayed at the altar of an unknown god.
  1683 | D:3      | Became a worshipper of Hepliaklqana the Forgotten
  1683 | D:3      | Reached * piety under Hepliaklqana
  1870 | D:3      | Found a shimmering altar of Xom.
  1871 | D:3      | Found a shimmering altar of Xom.
  1873 | D:3      | Found a shimmering altar of Xom.
  1915 | D:3      | Noticed Ijyb
  1938 | D:3      | Succumbed to Ijyb's poison

Illustrated notes

Levels and vault maps discovered:
D:1:      minmay_arrival_semitransparent, layout_rooms,
          dreamdust_mushroom_princess, nicolae_shop_vocational
D:2:      minmay_wonky_spiral, layout_basic, basic_altar, corner_web_ring,
          roderic_st_hans_cross, kennysheep_jessica_study
D:3:      layout_basic, xom_redecorated, nicolae_ecumenical_oubliette,
          minmay_fractal_squares_gapless_5, uniq_ijyb

Skill      XL: |  1  2  3 |
---------------+----------+-----
Axes           | 3 4 6 |  6.2
Fighting       | |  3.6
Armour         | |  3.2
Shields        | |  3.2

Action                     |  1- 3 |  4- 6 || total
---------------------------+-------+-------++-------
  Melee: War axe           |   110 |    28 ||   138
 Invoke: Ancestor Identity |       |     1 ||     1
 Armour: Scale mail        |   113 |     6 ||   119
  Dodge: Dodged            |    65 |    18 ||    83
  Block: Buckler           |    41 |     3 ||    44

Table legend: (Time is in decaauts)
 A = Elapsed time spent in this place.
 B = Non-inter-level travel time spent in this place.
 C = Inter-level travel time spent in this place.
 D = Time resting spent in this place.
 E = Time spent auto-exploring this place.
 F = Levels seen in this place.
 G = Mean time per level.
                   A        B        C        D        E       F      G
               +--------+--------+--------+--------+--------+-----+--------+
         Total |   1979 |   1906 |     73 |      0 |   1510 |   3 |  659.7 |
       Dungeon |   1979 |   1906 |     73 |      0 |   1510 |   3 |  659.7 |
               +--------+--------+--------+--------+--------+-----+--------+

Top non-repeatable levels by time:
     D:2: 1130 daAuts
     D:1: 620 daAuts
     D:3: 228 daAuts
